 Dungeon Crawl Stone Soup version 0.32-a0-42-ga30500b (webtiles) character file.

Game seed: 2788475022504907052

36 danspanner the Conjurer (level 3, -3/21 HPs)
             Began as an Octopode Conjurer on Jan 31, 2024.
             Slain by an ufetubus (5 damage)
             ... on level 3 of the Dungeon.
             The game lasted 00:03:55 (1106 turns).

danspanner the Conjurer (Octopode Conjurer)         Turns: 1106, Time: 00:03:56

Health: -3/21      AC:  1    Str:  6    XL:     3   Next: 37%
Magic:  0/6        EV: 13    Int: 22    God:
Gold:   87         SH:  0    Dex: 10    Spells: 3/6 levels left

rFire   . . .        b - +0 dagger
rCold   . . .        (no shield)
rNeg    . . .        (helmet restricted)
rPois   .            (no amulet)
rElec   .            (no ring)
rCorr   .            (no ring)
SInv    .            (no ring)
Will    .....        (no ring)
Stlth   +++          (no ring)
HPRegen 0.23/turn    (no ring)
MPRegen 0.10/turn    (no ring)
                     (no ring)

%: no passive effects
@: no status effects
A: almost no armour, amphibious, 8 rings, camouflage 1, gelatinous body 1,
(nimble swimmer 1), tentacles
a: no special abilities


You were on level 3 of the Dungeon.
You visited 1 branch of the dungeon, and saw 3 of its levels.

You collected 87 gold pieces.

Inventory:

Hand Weapons
 b - a +0 dagger (weapon)
Scrolls
 c - a scroll of identify
Potions
 a - 2 potions of magic
 e - 3 potions of might


   Skills:
 + Level 2.5 Dodging
 + Level 3.4 Stealth
 + Level 2.4 Spellcasting
 + Level 4.2 Conjurations


You had 3 spell levels left.
You knew the following spells:

 Your Spells              Type           Power      Damage    Failure   Level
a - Magic Dart            Conj           84%        1d7       2%          1
b - Searing Ray           Conj           42%        2d6       3%          2

Your spell library contained the following spells:

 Spells                   Type           Power      Damage    Failure   Level
 Fulminant Prism          Conj/Alch      6%         3d6       47%         4
 Iskenderun's Mystic Bla  Conj/Tloc      12%        2d5       47%         4


Dungeon Overview and Level Annotations

Branches:
Dungeon (3/15)

Altars:

Annotations:
D:2 Sigmund


Innate Abilities, Weirdness & Mutations

You cannot wear most types of armour.
You are amphibious.
You can wear up to eight rings at the same time.
Your skin changes colour to match your surroundings (Stealth+).
Your rubbery body absorbs attacks. (AC +1, EV +1)
((You are camouflaged when in or above water. (Stealth+)))
You have tentacles for arms and can constrict up to eight enemies at once.


Message History

Casting: Magic Dart (safe; 2% risk of failure)
Confirm with . or Enter, or press ? or * to list all spells.
Aiming: Searing Ray (safe; 3% risk of failure)
Press: ? - help, Shift-Dir - straight line, f - ufetubus
Aim: an ufetubus (63% to hit)
The searing ray hits the ufetubus!
You kill the ufetubus! (Press . to maintain the ray.)
The searing ray misses the ufetubus.
The searing ray hits the ufetubus.
The ufetubus is moderately wounded.
The ufetubus hits you. x2
The searing ray misses the ufetubus.
The searing ray hits the ribbon worm.
The ribbon worm is lightly wounded.
You finish channelling your searing ray.
The ufetubus closely misses you. The ufetubus misses you.
Casting: Searing Ray (safe; 3% risk of failure)
Confirm with . or Enter, or press ? or * to list all spells.
You don't have enough magic to cast this spell.
Unknown command.
Casting: Searing Ray (safe; 3% risk of failure)
Confirm with . or Enter, or press ? or * to list all spells.
Aiming: Magic Dart (safe; 2% risk of failure)
Press: ? - help, Shift-Dir - straight line, f - ufetubus
Aim: an ufetubus (moderately wounded, 100% to hit)
The magic dart hits the ufetubus.
The ufetubus is heavily wounded.
The ufetubus misses you. The ufetubus hits you. The ufetubus misses you.
The ufetubus hits you.
You miss the ufetubus. Your grab misses the ufetubus.
The ufetubus is heavily wounded.
The ufetubus closely misses you. The ufetubus hits you.
You barely miss the ufetubus. Your grab misses the ufetubus.
The ufetubus is heavily wounded.
The ufetubus hits you but does no damage.
The ufetubus hits you.
* * * LOW HITPOINT WARNING * * *
The ufetubus slips past you! The ufetubus closely misses you.
The ufetubus hits you.
You die...

############ #..........#
#.########.# #.########.#
#.##.......# #.##.####..#
############.##.# #..#
.....w.@5...>##.# #..#
######..........# #..#
#.#####.#### #..# #. #.#
#..## ........#####.#####
#....
.......##........#######
#.. ......#..)....(..#
####.# #.....#..##....#.#
....####.....#........#.#


You could see a ribbon worm and an ufetubus.

Vanquished Creatures
  An ufetubus (D:3)
  A ribbon worm (D:3)
  4 orcs (D:3)
  2 endoplasms
  2 giant cockroaches
  2 goblins (D:1)
  A hobgoblin (D:1)
  4 kobolds
  A quokka (D:1)
  2 bats
  2 frilled lizards (D:3)
  3 rats (D:1)
25 creatures vanquished.

Notes
Turn   | Place    | Note
-------+----------+-------------------------------------------
     0 | D:1      | danspanner the Octopode Conjurer began the quest for the
                  | Orb.
     0 | D:1      | Reached XP level 1. HP: 11/11 MP: 3/3
   206 | D:1      | Reached XP level 2. HP: 6/17 MP: 3/5
   827 | D:2      | Noticed Sigmund
   912 | D:3      | Reached XP level 3. HP: 16/21 MP: 6/6
   927 | D:3      | Learned a level 2 spell: Searing Ray
   982 | D:3      | Found a faded altar of an unknown god.
  1106 | D:3      | Slain by an ufetubus

Illustrated notes

Levels and vault maps discovered:
D:1:      lightli_arrival_flooded_house, layout_loops_ring
D:2:      layout_basic, serial_bayou_crossing, uniq_sigmund
D:3:      layout_basic, nicolae_vehumet_radiance,
          hellmonk_ecumenical_altar_lost_god

Skill      XL: |  1 |
---------------+----+-----
Stealth        | 3 |  3.4
Dodging        | |  2.5
Spellcasting   | |  2.4
Conjurations   | |  4.2

Action                     || total
---------------------------++-------
  Melee: Dagger            ||    42
         Tentacles         ||     8
         Constrict         ||     7
   Cast: Magic Dart        ||    16
         Searing Ray       ||     1
    Use: Scroll            ||     4
   Stab: Sleeping          ||     3
 Armour: Skin              ||    26
  Dodge: Dodged            ||    20

Table legend: (Time is in decaauts)
 A = Elapsed time spent in this place.
 B = Non-inter-level travel time spent in this place.
 C = Inter-level travel time spent in this place.
 D = Time resting spent in this place.
 E = Time spent auto-exploring this place.
 F = Levels seen in this place.
 G = Mean time per level.
                   A        B        C        D        E       F      G
               +--------+--------+--------+--------+--------+-----+--------+
         Total |   1104 |   1083 |     21 |      0 |    872 |   3 |  368.0 |
       Dungeon |   1104 |   1083 |     21 |      0 |    872 |   3 |  368.0 |
               +--------+--------+--------+--------+--------+-----+--------+

Top non-repeatable levels by time:
     D:1: 788 daAuts
     D:3: 261 daAuts
     D:2: 54 daAuts
